Map: Dusk Towers

Players

ZERG

  • Race: Protoss Protoss
  • League: Gold

capac - Winner!

  • Race: Terran Terran
  • League: Gold

VOD

Have the link to the VOD?

Description

Time

  • Played on: April 2, 2016, 7:01 a.m.
  • Length: 13:12
Show
View Real Time Build Order
Export as new Build Order

ZERG Protoss 

Build Orders:  

Get SALT Encoding   

  12  0:04  Probe (Chrono Boost)  
  13  0:14  Probe (Chrono Boost)  
  14  0:21  Pylon  
  14  0:25  Probe (Chrono Boost)  
  15  0:39  Probe (Chrono Boost)  
  16  0:44  Gateway  
  16  0:50  Probe (Chrono Boost), Assimilator  
  17  1:00  Probe (Chrono Boost)  
  18  1:09  Assimilator  
  19  1:11  Probe (Chrono Boost)  
  19  1:15  Pylon  
  19  1:22  Probe (Chrono Boost)  
  20  1:32  Cybernetics Core, Probe (Chrono Boost)  
  21  1:43  Probe (Chrono Boost)  
  22  1:53  Probe (Chrono Boost)  
  23  1:58  Gateway  
  23  1:59  Gateway  
  23  2:09  Warp Gate (Chrono Boost)  
  23  2:16  Robotics Facility  
  23  2:25  Pylon  
  23  2:32  Stalker (Chrono Boost)  
  22  2:59  Probe  
  22  3:03  Stalker (Chrono Boost)  
  25  3:11  Probe  
  25  3:12  Stalker (Chrono Boost)  
  30  3:16  Stalker (Chrono Boost)  
  30  3:43  Immortal  
  38  3:49  Stalker (Chrono Boost)  
  38  3:52  Stalker (Chrono Boost)  
  38  4:27  Pylon  
  32  4:50  Stalker  
  32  4:51  Stalker x2  
  32  4:53  Immortal  
  34  5:45  Stalker x2  
  34  5:46  Stalker  
  26  6:19  Stalker x3  
  24  6:57  Stalker  
  24  6:58  Stalker x2  
  28  7:11  Nexus  
  28  7:18  Observer  
  28  7:19  Stalker  
  28  7:20  Stalker  
  33  7:23  Nexus  
  33  7:24  Stalker  
  35  7:35  Probe  
  36  7:40  Stalker  
  38  7:47  Probe  
  39  7:54  Stalker  
  41  8:23  Stalker  
  41  8:24  Stalker x2  
  41  8:26  Probe  
  48  8:36  Probe  
  48  8:37  Probe  
  50  8:46  Probe  
  50  8:47  Probe  
  51  8:51  Probe  
  53  8:57  Probe  
  53  8:58  Probe  
  55  9:07  Probe  
  54  9:21  Stalker x2  
  54  9:22  Stalker  
  58  9:39  Probe  
  59  9:46  Pylon  
  59  9:47  Pylon  
  59  9:50  Probe  
  61  9:52  Robotics Bay  
  61  9:53  Warp Prism  
  61  9:54  Robotics Facility  
  62  10:02  Stalker x2  
  62  10:04  Stalker  
  68  10:10  Probe  
  69  10:20  Probe, Mothership Core  
  72  10:31  Probe  
  60  10:40  Adept x3  
  60  10:42  Probe  
  67  10:52  Probe  
  68  11:03  Probe  
  65  11:13  Adept x2  
  65  11:14  Adept  
  61  11:33  Adept  
  63  11:40  Pylon  
  63  11:42  Pylon  
  63  11:44  Pylon  
  63  11:51  Disruptor  
  62  12:00  Stalker  
  64  12:01  Sentry  
  65  12:30  Stalker x2  
  55  12:51  Stalker  
  37  13:07  Sentry x2  
Show
View Real Time Build Order
Export as new Build Order

capac Terran - Winner!

Build Orders:  

Get SALT Encoding   

  12  0:01  SCV  
  13  0:13  SCV  
  14  0:18  Supply Depot  
  14  0:25  SCV  
  15  0:40  SCV  
  15  0:42  Barracks  
  16  0:45  Refinery  
  16  0:52  SCV  
  18  1:04  SCV  
  18  1:16  SCV  
  19  1:28  SCV  
  19  1:29  Reaper  
  21  1:37  Command Center  
  21  1:43  Orbital Command  
  21  1:52  Supply Depot  
  21  2:01  Marine  
  22  2:11  Refinery  
  22  2:12  Factory  
  22  2:14  SCV  
  23  2:25  Barracks Reactor  
  23  2:48  SCV  
  23  2:49  Orbital Command  
  24  2:57  Factory Tech Lab  
  24  3:00  Barracks, SCV  
  24  3:03  Marine x2  
  24  3:05  Starport  
  27  3:21  Marine x2  
  29  3:29  Siege Tank  
  31  3:40  SCV x2  
  33  3:44  Marine x2  
  33  3:47  Starport Reactor  
  35  3:52  Barracks  
  35  3:54  Engineering Bay  
  34  4:07  Siege Tank  
  36  4:10  Marine x2  
  36  4:11  Barracks Tech Lab  
  36  4:15  SCV x2  
  40  4:28  Medivac  
  40  4:30  Bunker  
  40  4:31  SCV x2  
  44  4:32  Refinery  
  36  4:46  Marine x2  
  36  4:48  Marine  
  35  4:58  Marine  
  35  5:02  Liberator  
  35  5:04  Marine, Siege Tank  
  35  5:05  Marine  
  35  5:06  Marine  
  35  5:16  Marine  
  37  5:22  Marine  
  35  5:37  Supply Depot  
  30  6:03  Marine x4  
  34  6:24  Marine x2  
  31  6:56  Supply Depot  
  31  7:04  Medivac  
  31  7:07  SCV  
  34  7:30  SCV  
  34  7:36  Medivac  
  37  7:42  SCV  
  38  7:54  SCV  
  39  8:03  Marine x4, Command Center  
  43  8:31  Supply Depot  
  43  8:36  Supply Depot x2  
  43  8:49  Stimpack  
  43  8:50  Barracks  
  43  8:53  Siege Tank  
  46  8:57  Marine x4  
  50  9:15  Marine  
  45  9:17  Marine x2  
  45  9:18  Marine  
  48  9:32  Marine  
  48  9:35  Marine  
  48  9:36  Siege Tank  
  48  9:38  Marine x2  
  53  9:39  Medivac x2  
  58  9:50  Marine  
  59  9:53  Marine  
  59  9:56  Marine x2  
  59  9:58  SCV  
  63  10:02  SCV  
  64  10:38  Terran Infantry Weapons Level 1  
  64  10:40  Marine x3  
  64  10:41  Marine x2  
  69  10:56  Combat Shields  
  69  10:58  Marine  
  63  11:39  Barracks Reactor  
  63  11:40  Barracks Reactor  
  63  11:41  Marine x3  
  59  11:59  Marine x2  
  50  12:49  Marine x5  
Tags
 
Add a new tag
Caveats
  • Supply blocks, unpowered buildings, or Contaminate may cause inaccurate times.
  • Supply counts are checked every 10 seconds.